 Dungeon Crawl Stone Soup version 0.25.1-2-g60ff931df9 (webtiles) character file.

Game seed: 12306668707645232238

9891 gruber the Destroyer (level 11, -2/74 HPs)
             Began as a Green Draconian Conjurer on Nov 17, 2020.
             Was a Priest of Vehumet.
             Hit by a large rock thrown by a cyclops (23 damage)
             ... on level 11 of the Dungeon.
             The game lasted 00:18:01 (12176 turns).

gruber the Destroyer (Green Draconian Conjurer)    Turns: 12176, Time: 00:18:02

Health: -2/74      AC: 16    Str: 10    XL:     11   Next: 29%
Magic:  8/21       EV: 13    Int: 20    God:    Vehumet [***...]
Gold:   504        SH:  7    Dex: 11    Spells: 14/24 levels left

rFire    . . .     SeeInvis .   R - +5 long sword (vorpal)
rCold    . . .     Gourm    .   T - +2 buckler
rNeg     + . .     Faith    .   (armour unavailable)
rPois    +         Spirit   .   (helmet restricted)
rElec    .         Reflect  .   Y - +2 cloak
rCorr    .         Harm     .   d - +0 pair of gloves
MR       .....                  p - +0 pair of boots
Stlth    ++........             (no amulet)
HPRegen  0.22/turn              f - +4 ring of protection
MPRegen  0.17/turn              I - ring of the Morning {rN+ Slay+4}

@: slowed, very slow
A: breathe noxious fumes, unfitting armour, poison resistance, cold-blooded, AC
+7
a: Breathe Noxious Fumes, Renounce Religion


You were on level 11 of the Dungeon.
You worshipped Vehumet.
Vehumet was most pleased with you.
You were not hungry.

You visited 2 branches of the dungeon, and saw 12 of its levels.

You collected 532 gold pieces.
You spent 28 gold pieces at shops.

Inventory:

Hand Weapons
 R - a +5 vorpal long sword (weapon)
Missiles
 k - 34 poisoned darts (quivered)
 B - 8 curare-tipped darts
Armour
 d - a +0 pair of gloves (worn)
 p - a +0 pair of boots (worn)
 T - a +2 buckler (worn)
 U - a +2 kite shield
 Y - a +2 cloak (worn)
Jewellery
 f - a +4 ring of protection (left hand)
 D - an uncursed ring of protection from fire
 F - a cursed -4 ring of evasion {unknown}
 I - the ring of the Morning (right hand) {rN+ Slay+4}
   (You found it on level 9 of the Dungeon)

   [ring of slaying]

   It affects your accuracy and damage with ranged weapons and melee attacks
   (+4).
   It protects you from negative energy.
 K - a cursed ring of attention {unknown}
 X - an uncursed amulet of magic regeneration {unknown}
Wands
 l - a wand of clouds (2)
 t - a wand of acid (5)
 v - a wand of polymorph (20)
 G - a wand of paralysis (6)
 M - a wand of flame (24)
 S - a wand of iceblast (12)
 V - a wand of digging (6)
Scrolls
 a - 2 scrolls of noise {unknown}
 g - 6 scrolls of remove curse
 h - 5 scrolls of teleportation
 i - 2 scrolls of magic mapping {unknown}
 m - 12 scrolls of identify
 q - 3 scrolls of enchant armour {unknown}
 w - a scroll of enchant weapon {unknown}
 x - 2 scrolls of fear {unknown}
 y - 2 scrolls of blinking {unknown}
 C - a scroll of fog {unknown}
 L - a scroll of amnesia {unknown}
 N - 2 scrolls of random uselessness {unknown}
 P - a scroll of silence {unknown}
Potions
 c - 2 potions of degeneration {unknown}
 e - 3 potions of berserk rage {unknown}
 j - a potion of haste {unknown}
 n - a potion of heal wounds {unknown}
 o - a potion of resistance {unknown}
 r - 2 potions of stabbing {unknown}
 s - a potion of mutation {unknown}
 u - 2 potions of invisibility {unknown}
 z - 2 potions of ambrosia {unknown}
 A - 2 potions of magic {unknown}
 E - 3 potions of curing
 H - 4 potions of lignification {unknown}
 J - a potion of brilliance {unknown}
 O - a potion of cancellation {unknown}
 Q - a potion of might {unknown}
Comestibles
 b - 19 rations
 W - 4 chunks of flesh


   Skills:
 - Level 4.0 Dodging
 - Level 1.7 Stealth
 - Level 6.3 Shields
 - Level 7.0 Spellcasting
 - Level 14.0 Conjurations
 + Level 3.5 Poison Magic


You had 14 spell levels left.
You knew the following spells:

 Your Spells              Type           Power        Failure   Level  Hunger
a - Magic Dart            Conj           ####         1%          1    None
b - Searing Ray           Conj           ######       1%          2    None
c - Dazzling Flash        Conj/Hex       #####.       1%          3    #......
d - Olgreb's Toxic Radia  Pois           ###.....     6%          4    ###....

Your spell library contained the following spells:

 Spells                   Type           Power        Failure   Level  Hunger
 Fulminant Prism          Conj/Hex       #####.....   1%          4    ###....
 Iskenderun's Mystic Bla  Conj/Tloc      #####...     1%          4    ###....
 Inner Flame              Hex/Fire       #.......     8%          3    #......
 Corona                   Hex            #......      10%         1    None
 Slow                     Hex            #.......     14%         2    None
 Confusing Touch          Hex            #.......     28%         3    #......
 Gell's Gravitas          Tloc           #.........   28%         3    #......
 Portal Projectile        Hex/Tloc       #.....       28%         3    #......
 Yara's Violent Unravell  Hex/Tmut       #.........   52%         5    #####..
 Cause Fear               Hex            #.........   67%         4    ###....
 Leda's Liquefaction      Hex/Erth       #.........   67%         4    ###....
 Petrify                  Tmut/Erth      #.......     67%         4    ###....
 Metabolic Englaciation   Hex/Ice        #.........   95%         5    #####..


Dungeon Overview and Level Annotations

Branches:
Dungeon (11/15)            Temple (1/1) D:6            Lair (0/6) D:9
    Orc (0/2) D:10

Altars:
Ashenzari
Cheibriados
Dithmenos
Elyvilon
Fedhas
Gozag
Hepliaklqana
Kikubaaqudgha
Makhleb
Nemelex Xobeh
Okawaru
Qazlal
Ru
Sif Muna
Trog
Uskayaw
Vehumet
Wu Jian
Xom
Yredelemnul
Zin
The Shining One

Shops:
D:5 *   D:7 (=:*

Annotations:
D:9 3 runed translucent doors, Frank's ghost, novice DsGl


Innate Abilities, Weirdness & Mutations

You can breathe blasts of noxious fumes.
Your lurid green scales are hard. (AC +7)
You cannot fit into any form of body armour.
Your system is resistant to poisons. (rPois)
You are cold-blooded and may be slowed by cold attacks.


Message History

The wraith is severely damaged.
The wraith closely misses you. The wraith hits you but does no damage.
The searing ray hits the wraith but does no damage.
The wraith is severely damaged.
You finish channeling your searing ray.
The wraith closely misses you.
You riposte.
You hit the wraith.
The wraith is almost destroyed.
The cyclops throws a large rock.
The large rock hits you!
* * * LOW HITPOINT WARNING * * *
Unknown command.
Casting: Searing Ray (safe; 1% risk of failure)
Confirm with . or Enter, or press ? or * to list all spells.
Aiming: Searing Ray (safe; 1% risk of failure)
Press: ? - help, Shift-Dir - straight line, f/p - wraith
Aim: a wraith (almost destroyed)
The searing ray misses the wraith. (Press . to maintain the ray.)
You block the wraith's attack.
The cyclops throws a large rock.
The large rock hits you!!
You die...

#........ #.......#
######.......#
.............##
.............!+
..............#####
...................
......W@..........^
.############C#####.
...C..)(.))†......####+##.
.........)................
..........................
...........########.......
...........# #.######
...........# #.#
...........# #.#


You could see a cyclops and a wraith.

Vanquished Creatures
  2 two-headed ogres (D:9)
  A deep elf mage (D:7)
  Maurice (D:9)
  Psyche (D:8)
  Maggie (D:8)
  Prince Ribbit (D:8)
  Grinder (D:5)
  A hippogriff (D:7)
  A wraith (D:9)
  6 yaks (D:10)
  Grum (D:9)
  4 black bears
  4 orc warriors
  2 sky beasts
  3 ice beasts
  An eye of draining (D:9)
  3 ogres
  A phantom (D:7)
  2 wolves (D:9)
  2 centaurs
  4 crocodiles
  A big kobold (D:8)
  3 gnoll sergeants
  10 bullfrogs
  A wyvern skeleton (D:9)
  6 scorpions
  11 killer bees
  7 howler monkeys
  A centaur zombie (D:4)
  3 crimson imps
  2 jellies
  A centaur skeleton (D:4)
  2 hounds
  Crazy Yiuf (D:3)
  6 orc priests
  10 orc wizards
  3 bullfrog skeletons
  2 iguanas
  Ijyb (D:5)
  5 worker ants
  A killer bee zombie (D:7)
  A hound zombie (D:7)
  2 hound skeletons
  A worker ant zombie (D:5)
  2 howler monkey zombies
  8 adders
  13 gnolls
  An ooze (D:3)
  An adder zombie (D:9)
  A worm (D:2)
  3 dart slugs
  6 leopard geckos
  41 orcs
  4 giant cockroaches
  5 goblins
  7 hobgoblins
  18 jackals
  9 kobolds
  7 quokkas
  4 ball pythons
  8 bats
  3 frilled lizards
  3 goblin skeletons (D:6)
  3 goblin zombies (D:6)
  2 hobgoblin zombies (D:6)
  A kobold skeleton (D:6)
  2 kobold zombies (D:6)
  An orc skeleton (D:6)
  An orc zombie (D:6)
  3 rats (D:2)
  A fungus (D:9)
282 creatures vanquished.

Vanquished Creatures (others)
  28 fungi
  6 plants (D:9)
34 creatures vanquished.

Grand Total: 316 creatures vanquished

Notes
Turn   | Place    | Note
-------+----------+-------------------------------------------
     0 | D:1      | gruber the Draconian Conjurer began the quest for the Orb.
     0 | D:1      | Reached XP level 1. HP: 14/14 MP: 3/3
   279 | D:1      | Reached XP level 2. HP: 20/20 MP: 5/5
   533 | D:1      | Learned a level 2 spell: Searing Ray
   903 | D:1      | Reached XP level 3. HP: 17/26 MP: 0/6
  1125 | D:1      | Reached skill level 5 in Conjurations
  1196 | D:1      | HP: 1/26 [gnoll (6)]
  2267 | D:2      | Reached XP level 4. HP: 31/33 MP: 4/7
  2859 | D:3      | Learned a level 3 spell: Dazzling Flash
  2964 | D:3      | Found a blossoming altar of Fedhas.
  3319 | D:3      | Reached skill level 6 in Conjurations
  3319 | D:3      | Reached XP level 5. HP: 25/38 MP: 1/8
  3781 | D:3      | Found a runed translucent door.
  3782 | D:3      | Noticed Crazy Yiuf
  3807 | D:3      | Killed Crazy Yiuf
  4137 | D:4      | Reached XP level 6. HP: 30/45 MP: 2/10
  4265 | D:4      | Reached skill level 7 in Conjurations
  4920 | D:5      | Entered Level 5 of the Dungeon
  5132 | D:5      | Your scales start taking on a lurid green colour.
  5132 | D:5      | Reached XP level 7. HP: 50/50 MP: 9/12
  5132 | D:5      | Gained mutation: Your system is resistant to poisons.
                  | (rPois) [Green Draconian growth]
  5234 | D:5      | Reached skill level 8 in Conjurations
  5341 | D:5      | Found Hobrohu's Assorted Antiques.
  5368 | D:5      | Noticed Ijyb
  5451 | D:5      | Killed Ijyb
  5662 | D:5      | Noticed Grinder
  5681 | D:5      | Paralysed by Grinder for 7 turns
  5695 | D:5      | Paralysed by Grinder for 3 turns
  5706 | D:5      | Killed Grinder
  6113 | D:6      | Found a glowing golden altar of the Shining One.
  6388 | D:6      | Reached skill level 9 in Conjurations
  6594 | D:6      | Reached XP level 8. HP: 57/57 MP: 6/14
  6807 | D:6      | Found a staircase to the Ecumenical Temple.
  7215 | Temple   | Entered the Ecumenical Temple
  7273 | Temple   | Became a worshipper of Vehumet
  7530 | D:7      | Noticed a hippogriff
  7535 | D:7      | Killed a hippogriff
  7535 | D:7      | Reached skill level 5 in Spellcasting
  7588 | D:7      | Reached skill level 10 in Conjurations
  7725 | D:7      | Noticed a deep elf mage
  7731 | D:7      | Killed a deep elf mage
  7731 | D:7      | Reached XP level 9. HP: 62/62 MP: 9/19
  7862 | D:7      | Found Woozir's Jewellery Shop.
  7905 | D:7      | Found Haheih's General Store.
  7913 | D:7      | Bought a cursed amulet of inaccuracy for 28 gold pieces
  7984 | D:7      | Reached skill level 11 in Conjurations
  8173 | D:7      | Found Jypuhuy's Weapon Shoppe.
  8245 | D:7      | Found Zuurajut's Book Shop.
  8271 | D:7      | Reached * piety under Vehumet
  8271 | D:7      | Offered knowledge of Sandblast by Vehumet.
  8512 | D:8      | Found a shadowy altar of Dithmenos.
  8527 | D:8      | Found an ancient bone altar of Kikubaaqudgha.
  8597 | D:8      | Noticed Prince Ribbit
  8601 | D:8      | Noticed Psyche
  8611 | D:8      | Killed Psyche
  8611 | D:8      | Reached skill level 12 in Conjurations
  8694 | D:8      | Noticed Maggie
  8734 | D:8      | Killed Maggie
  8762 | D:8      | Killed Prince Ribbit
  8867 | D:8      | Reached XP level 10. HP: 67/69 MP: 8/20
  9186 | D:8      | Reached skill level 13 in Conjurations
  9285 | D:8      | Offered knowledge of Foxfire by Vehumet.
  9290 | D:8      | Reached ** piety under Vehumet
  9459 | D:8      | Found a glowing golden altar of the Shining One.
  9468 | D:8      | Found an opulent altar of Gozag.
  9950 | D:9      | Found an ornate altar of the Wu Jian Council.
  9968 | D:9      | Noticed a two-headed ogre
  9975 | D:9      | Killed a two-headed ogre
 10160 | D:9      | Found a staircase to the Lair.
 10161 | D:9      | Noticed Grum
 10181 | D:9      | Reached skill level 14 in Conjurations
 10185 | D:9      | Killed Grum
 10185 | D:9      | Reached skill level 1 in Shields
 10436 | D:9      | Offered knowledge of Conjure Flame by Vehumet.
 10635 | D:9      | Found a runed translucent gate.
 10635 | D:9      | Found a runed translucent gate.
 10635 | D:9      | Found a runed translucent gate.
 10636 | D:9      | Noticed Frank's ghost (novice DsGl)
 10676 | D:9      | Noticed Maurice
 10685 | D:9      | Killed Maurice
 10685 | D:9      | Reached skill level 5 in Shields
 10756 | D:9      | Got a scintillating granite ring
 10886 | D:9      | Identified the ring of the Morning {rN+ Slay+4} (You found
                  | it on level 9 of the Dungeon)
 11074 | D:9      | Noticed a two-headed ogre
 11080 | D:9      | Killed a two-headed ogre
 11080 | D:9      | Reached XP level 11. HP: 74/74 MP: 21/21
 11167 | D:10     | Entered Level 10 of the Dungeon
 11283 | D:10     | Found a staircase to the Orcish Mines.
 11293 | D:10     | Reached *** piety under Vehumet
 11579 | D:10     | Offered knowledge of Olgreb's Toxic Radiance by Vehumet.
 11610 | D:10     | Learned a level 4 spell: Olgreb's Toxic Radiance
 11629 | D:10     | Reached skill level 1 in Poison Magic
 12176 | D:11     | Hit by a large rock thrown by a cyclops

Illustrated notes

Levels and vault maps discovered:
D:1:      elethiomel_arrival_shortcut, layout_basic
D:2:      layout_loops_ring, kennysheep_cross_bottleneck
D:3:      layout_loops_ring, fedhas_altar_3, uniq_crazy_yiuf_cottage
D:4:      layout_loops_cross, serial_glass, glass_columns_a, glass_columns_a,
          kennysheep_pointless_box
D:5:      layout_rooms, serial_shops, kennysheep_mini_moat, first_ration,
          grunt_ministairs_4, uniq_ijyb, uniq_grinder
D:6:      layout_basic, minmay_temple_entry_offerings,
          nicolae_tso_besieged_by_evil
D:7:      minmay_slanted_spiral_squares, layout_basic, serial_shops,
          nicolae_shop_waterfront, shop_fountains, nicolae_shop_behind_doors,
          shop_fountains
D:8:      layout_loops_ring, nicolae_overflow_quartered_altars, grunt_ogre_cave,
          uniq_psyche, uniq_prince_ribbit1, uniq_maggie
D:9:      layout_basic, due_lair_maze_entry_diamond, basic_altar,
          ebering_ghost_rock_garden, uniq_maurice, uniq_grum
D:10:     layout_basic, david_orc_2
D:11:     layout_irregular_city
Temple:   compressed_dpeg_circular_temple

Skill      XL: |  1  2  3  4  5  6  7  8  9 10 11 |
---------------+----------------------------------+-----
Conjurations   | 5 6 7 9 10 12 14 | 14.0
Spellcasting   | 3 4 7 |  7.0
Shields        | 6 |  6.3
Dodging        | 4 |  4.0
Poison Magic   | 3 |  3.5
Stealth        | |  1.7

Action                   |  1- 3 |  4- 6 |  7- 9 | 10-12 || total
-------------------------+-------+-------+-------+-------++-------
Melee: Dagger            |   107 |    32 |    47 |       ||   186
       Tailslap          |    13 |     9 |     3 |     8 ||    33
       Long sword        |     5 |    36 |       |    50 ||    91
Throw: Dart              |       |     9 |       |       ||     9
 Cast: Magic Dart        |    30 |     1 |     2 |     3 ||    36
       Searing Ray       |     5 |    20 |    55 |    63 ||   143
       Olgreb's Toxic Ra |       |       |       |     6 ||     6
 Abil: Breathe Noxious F |       |       |     3 |     4 ||     7
Evoke: Wand              |       |       |     1 |       ||     1
  Use: Scroll            |       |       |       |     3 ||     3
 Stab: Sleeping          |     3 |     1 |     3 |       ||     7
  Eat: Chunk             |     5 |     8 |     8 |    11 ||    32
       Ration            |       |       |     2 |       ||     2
Armor: Skin              |    59 |    33 |    39 |    40 ||   171
Dodge: Dodged            |   108 |    65 |    67 |    72 ||   312
Block: Buckler           |       |       |       |    35 ||    35
       Rpst.: Long sword |       |     9 |       |    25 ||    34
